Ogden, chaotic male human Rogue ---------------- -..........<...| |..............| |..............| -----|---------- ------------- # |`..... ...`| # #` |.... !...| ### # |...- -...| # d |...| |...| ### f@########...`| |`..| # # |...| |...|# ### ##|...-----...|#################### |.....`.....|# --.-|- |`...!.....`.# |....| ------------- |....| |....| |....| ------ Ogden the Footpad Experience level: 2 Strength: 11 Dexterity: 17 Constitution: 18 Intelligence: 11 Wisdom: 12 Charisma: 7 Health: 0(17) Energy: 9(9) Def: 3 Gold: 301 Moves: 1734 Dungeon seed: W6Y3Dn0sIpxy828t Game ID: Ogden_1523005953 Your Inventory: Weapons a - an uncursed +0 short sword (alternate weapon; not wielded) b - 14 uncursed +0 daggers (wielded) Wands h - an uncursed wand of opening (0:3) i - an uncursed wand of cold (0:6) D - a cursed wand of striking (0:8) Potions c - 2 uncursed potions of sickness j - a blessed potion of speed r - 2 uncursed potions of monster detection t - an uncursed potion of see invisible B - an uncursed potion of healing E - an uncursed potion of hallucination Scrolls k - an uncursed scroll of light o - 2 uncursed scrolls of scare monster u - 2 uncursed scrolls of identify x - a cursed scroll of water C - an uncursed scroll of stinking cloud Tools d - an uncursed lock pick f - an uncursed sack g - an uncursed blindfold Armor e - an uncursed +1 leather armor (being worn) q - an uncursed +0 leather armor Gems n - an uncursed worthless piece of blue glass y - an uncursed worthless piece of black glass Coins $ - 301 gold pieces Comestibles z - 2 uncursed food rations Spells and supernatural/magical abilities: Name Level Category Fail Memory W - pray for help -- divine ? -- Your skills at the end: Miscellaneous Skills wands [Basic] Weapon Skills dagger [Basic] short sword [Basic] Spellcasting Skills Final Attributes: You were piously aligned. Your writing hand was a little cramped from use. You were somewhat stealthy. You are dead. Vanquished creatures: an orc zombie a hobbit an acid blob 5 geckos a hobgoblin 2 giant rats 7 jackals 2 foxes 3 newts 2 sewer rats 6 grid bugs 5 lichens 2 kobold zombies 38 creatures vanquished. Voluntary challenges: You did not adorn yourself with jewelry or accessories. You did not cause conflict. You were not invisible. You did not have reflection. You were not displaced. You were an atheist. You used a wielded weapon 17 times, starting on turn 61. You did not apply a unicorn horn. You did not use plumbed fixtures. You did not drink any magical draughts. You read items or engraved 2 times, starting on turn 654. You never genocided any monsters. You never polymorphed an object. You never changed form. You used no wishes. You never split a pudding. You wrote Elbereth's name 2 times, starting on turn 654. You never violated your personal moral code. Dungeon overview: The Dungeons of Doom: levels 1 to 5 Level 1 some fountains a long staircase Level 2 Level 3 a sink Level 4 some fountains stairs to The Gnomish Mines Level 5 <- You were here The Gnomish Mines: Level 5 stairs to The Dungeons of Doom History has recorded: On T:1 you entered the Dungeons of Doom to retrieve the Amulet of Yendor! On T:100 you reached level 2 of The Dungeons of Doom. On T:668 you reached level 3 of The Dungeons of Doom. On T:807 you reached level 4 of The Dungeons of Doom. On T:1332 you reached level 1 of The Gnomish Mines. On T:1486 you reached level 5 of The Dungeons of Doom. On T:1569 you advanced to experience level 2. Score breakdown: Gold: 301 ( 30 points) Experience: 2 levels ( 100 points) Exploration: 5 levels ( 120 points) Discoveries: 14 items ( 700 points) Variety of kills: 13 monsters ( 650 points) Major goal: (nothing yet) ( 0 points) Survival: died (score multiplied by 3) Total score: 4800 Latest messages: The dagger hits it. Sparks fly as you whack the boulder. With great effort you move the boulder. You hear some noises. The giant bat bites! (2x) You displace Tigger. The giant bat bites! (3x) You write in the dust with your fingers. The giant bat turns to flee! (3x) You hear snoring snakes. You hear some noises. You hear some noises in the distance. You hear some noises. You hear some noises in the distance. You hear some noises. You displace Tigger. The giant bat bites! A giant bat blocks your way. You displace Tigger. You hear some noises. The puppy bites! You displace Tigger. The puppy bites! You die... The sack is empty. The sack is empty. Final status: Goodbye Ogden the Rogue, killed by a puppy... You died in The Dungeons of Doom on dungeon level 5 with 4800 points, and 301 pieces of gold, after 1734 moves. You were level 2 with a maximum of 17 hit points when you died.